 Dungeon Crawl Stone Soup version 0.29.1-15-g9cfb28693d (webtiles) character file.

Game seed: 8285299253550737916

81580 sweetbreads the Earth Mage (level 15, -1/92 HPs)
             Began as a Gargoyle Earth Elementalist on Mar 20, 2023.
             Was a High Priest of Vehumet.
             Slain by a reaper
             ... wielding a +0 scythe of freezing
              (15 damage)
             ... in an ice cave on Mar 21, 2023.
             The game lasted 01:53:31 (26751 turns).

sweetbreads the Earth Mage (GrEE)                  Turns: 26751, Time: 01:53:32

Health: -1/92      AC: 22    Str: 15    XL:     15   Next: 70%
Magic:  20/27      EV: 20    Int: 22    God:    Vehumet [*****.]
Gold:   1291       SH:  9    Dex: 16    Spells: 12/30 levels left

rFire   . . .      SeeInvis .   a - +8 short sword of the Unstoppable Deaths {drain, +Blink Str+2}
rCold   . . .      Faith    .   m - +3 buckler {reflect}
rNeg    + . .      Spirit   .   C - +0 steam dragon scales
rPois   ∞          Reflect  +   (no helmet)
rElec   +          Harm     .   M - +2 cloak {rCorr}
rCorr   +          Rampage  .   o - +0 pair of gloves
Will    +....                   Q - +1 pair of boots
Stlth   +++.......              h - amulet of the acrobat
HPRegen 0.25/turn               O - +6 ring of dexterity
MPRegen 0.20/turn               y - +4 ring of evasion

@: flying
A: sickness immunity, AC +11, big wings, negative energy resistance 1,
electricity resistance, torment resistance 1, petrification resistance
a: Renounce Religion, Evoke Blink


You were in an ice cave.
You worshipped Vehumet.
Vehumet was extremely pleased with you.
You visited 3 branches of the dungeon, and saw 19 of its levels.
You also visited: Ice Cave.

You collected 1291 gold pieces.

Inventory:

Hand Weapons
 a - the +8 short sword of the Unstoppable Deaths (weapon) {drain, +Blink Str+2}
   (You took it off an orc wizard on level 7 of the Dungeon)

   A truly terrible weapon, it drains the life of any living foe it strikes.
   Str:       It affects your strength (+2).
   +Blink:    It lets you blink.
 b - a +3 flail of protection
 c - a +4 morningstar
 k - the +7 falchion "Faok" {drain, rF++ Str+5}
   (You found it in an ice cave)

   A truly terrible weapon, it drains the life of any living foe it strikes.
   Str:       It affects your strength (+5).
   rF:        It greatly protects you from fire.
Missiles
 q - 5 boomerangs of dispersal
 A - 36 poisoned darts
 K - 3 curare-tipped darts (quivered)
Armour
 m - a +3 buckler of reflection (worn)
 o - a +0 pair of gloves (worn)
 C - +0 steam dragon scales (worn)
 F - a +2 robe of willpower
 M - a +2 cloak of preservation (worn)
 P - a +2 robe of fire resistance
 Q - a +1 pair of boots (worn)
Jewellery
 e - a +6 ring of strength
 h - an amulet of the acrobat (around neck)
 j - a ring of positive energy
 y - a +4 ring of evasion (right hand)
 O - a +6 ring of dexterity (left hand)
Wands
 f - a wand of acid (4)
 l - a wand of polymorph (8)
 s - a wand of iceblast (19)
 z - a wand of flame (43)
 E - a wand of charming (17)
 I - a wand of digging (7)
Scrolls
 d - a scroll of amnesia
 g - a scroll of summoning
 r - 5 scrolls of magic mapping
 D - 4 scrolls of identify
 H - a scroll of fog
 J - 4 scrolls of teleportation
 R - 2 scrolls of enchant weapon
 V - 3 scrolls of poison
 W - a scroll of fear
 Z - 4 scrolls of blinking
Potions
 i - 4 potions of brilliance
 n - 2 potions of berserk rage
 p - 5 potions of curing
 t - 2 potions of might
 u - 2 potions of invisibility
 w - 5 potions of heal wounds
 B - 11 potions of haste
 G - 2 potions of magic
 L - 13 potions of ambrosia
 T - 4 potions of cancellation
 U - 3 potions of resistance
Miscellaneous
 Y - a lightning rod (4/4)


   Skills:
 * Level 10.2 Fighting
 - Level 0.7 Maces & Flails
 - Level 8.0 Dodging
 - Level 4.0 Stealth
 * Level 5.8 Shields
 - Level 8.0 Spellcasting
 * Level 10.9 Conjurations
 - Level 4.0 Transmutations
 * Level 3.8 Ice Magic
 + Level 18.2 Earth Magic
 * Level 6.2 Evocations


You had 12 spell levels left.
You knew the following spells:

 Your Spells              Type           Power      Damage    Failure   Level
a - Sandblast             Erth           100%       2d20      0%          1
b - Stone Arrow           Conj/Erth      100%       3d13      1%          3
c - Petrify               Tmut/Erth      55%        N/A       1%          4
d - Iron Shot             Conj/Erth      32%        9d7       1%          6
e - Magic Dart            Conj           100%       1d8       1%          1
f - Frozen Ramparts       Ice            50%        1d8       1%          3

Your spell library contained the following spells:

 Spells                   Type           Power      Damage    Failure   Level
 Olgreb's Toxic Radiance  Pois           8%         N/A       24%         4
 Passwall                 Tmut/Erth      45%        N/A       1%          2
 Static Discharge         Conj/Air       32%        3-7/arc   1%          2
 Lee's Rapid Deconstruct  Erth           36%        3d19*     1%          5
 Wereblood                Tmut           26%        N/A       2%          2
 Animate Armour           Summ/Erth      98%        N/A       2%          4
 Fulminant Prism          Conj/Hex       16%        3d11      2%          4
 Iskenderun's Mystic Bla  Conj/Tloc      32%        2d8       2%          4
 Lightning Bolt           Conj/Air       16%        1d30      8%          5
 Airstrike                Air            4%         2d(1-17)  24%         4
 Gell's Gravitas          Tloc           8%         N/A       28%         3
 Teleport Other           Tloc           8%         N/A       28%         3
 Blade Hands              Tmut           13%        N/A       45%         5
 Summon Lightning Spire   Summ/Air       8%         N/A       67%         4
 Summon Forest            Summ/Tloc      4%         N/A       95%         5
 Summon Mana Viper        Hex/Summ       8%         N/A       95%         5
 Dispersal                Tloc           4%         N/A       100%        6
 Summon Cactus Giant      Summ           4%         N/A       100%        6
 Summon Hydra             Summ           4%         N/A       100%        7
 Maxwell's Capacitive Co  Air            4%         ∞         100%        8
 Sublimation of Blood     Necr           Unusable   N/A       N/A         2

Dungeon Overview and Level Annotations

Branches:
Dungeon (13/15)            Temple (1/1) D:5            Lair (5/5) D:10
 Shoals (0/4) Lair:3       Spider (0/4) Lair:2        Slime (0/5) Lair:5
    Orc (0/2) D:12          IceCv (1/1)
 Vaults: D:13-14

Altars:
Ashenzari
Cheibriados
Dithmenos
Elyvilon
Fedhas
Gozag
Hepliaklqana
Kikubaaqudgha
Makhleb
Nemelex Xobeh
Okawaru
Qazlal
Ru
Sif Muna
Trog
Uskayaw
Vehumet
Wu Jian
Xom
Yredelemnul
Zin
The Shining One
Jiyva

Shops:
D:6 (

Annotations:
D:5 3 runed translucent doors, UCchamp's ghost, amateur FeAr
Lair:5 2 transporters, Sanktem7's ghost, journeyman FoFi


Innate Abilities, Weirdness & Mutations

You are immune to sickness and miasma.
Your stone body is resilient. (AC +11)
You are immune to poison.
Your large and strong wings let you fly.
You resist negative energy. (rN+)
You are resistant to electric shocks. (rElec)
You are resistant to unholy torment.
You are immune to petrification.


Message History

Found 23 gold pieces and a shiny scale mail.
Casting: Iron Shot (dangerous; 1% risk of failure)
Confirm with . or Enter, or press ? or * to list all spells.
Aiming: Sandblast (safe; 0% risk of failure)
Press: ? - help, Shift-Dir - straight line, f - reaper
Aim: a reaper, wielding a +0 scythe of freezing (85% to hit)
Okay, then.
Casting: Sandblast (safe; 0% risk of failure)
Confirm with . or Enter, or press ? or * to list all spells.
Aiming: Petrify (mildly dangerous; 1% risk of failure)
Press: ? - help, Shift-Dir - straight line, f - reaper
Aim: a reaper, wielding a +0 scythe of freezing (chance to affect: 12%)
Okay, then.
Casting: Petrify (mildly dangerous; 1% risk of failure)
Confirm with . or Enter, or press ? or * to list all spells.
Aiming: Sandblast (safe; 0% risk of failure)
Press: ? - help, Shift-Dir - straight line, f - reaper
Aim: a reaper, wielding a +0 scythe of freezing (85% to hit)
The blast of sand misses the reaper.
The reaper completely misses you.
Unknown command.
Casting: Sandblast (safe; 0% risk of failure)
Confirm with . or Enter, or press ? or * to list all spells.
Aiming: Sandblast (safe; 0% risk of failure)
Press: ? - help, Shift-Dir - straight line, f/p - reaper
Aim: a reaper, wielding a +0 scythe of freezing (85% to hit)
The blast of sand hits the reaper but does no damage.
The reaper hits you from afar with a +0 scythe of freezing!!
The reaper freezes you.
The reaper hits you from afar with a +0 scythe of freezing!!
The reaper freezes you.
Casting: Sandblast (safe; 0% risk of failure)
Confirm with . or Enter, or press ? or * to list all spells.
Aiming: Iron Shot (dangerous; 1% risk of failure)
Press: ? - help, Shift-Dir - straight line, f/p - reaper
Aim: a reaper, wielding a +0 scythe of freezing (74% to hit)
The iron shot misses the reaper.
The reaper hits you from afar with a +0 scythe of freezing!!
* * * LOW HITPOINT WARNING * * *
The reaper freezes you!
You die...

##.# ##.# #...#.##
##.# ##..# #...#..#
#.## #..## ##...###
#.## #..# #####..#
#..## ##.####.####.#
##..###..# #[..##..#
#...#..## #...##.##
##.....# #[.....#
#.⌠..######@#..##
#...###.##.#####
##..##..#2##.##
####....###.#.Z#
##.#.##...###2#.2.Z..#
#.#.###.#§###.#.Z.Z#$[
##!## ###....###Z.Z#
### ##..## #Z## ####
##


You could see a reaper.

Vanquished Creatures
  Snorg (Lair:5)
  6 hydras
  2 boulder beetles
  A merfolk avatar (Lair:5)
  2 catoblepae
  Erica (D:8)
  A two-headed ogre (D:9)
  2 centaur warriors
  3 death yaks (Lair:4)
  Nergalle (Lair:2)
  A sea snake (Lair:5)
  A harpy (Lair:4)
  A wolf spider (D:12)
  Pikel (D:6)
  An ugly thing (D:11)
  4 manticores
  Maurice (D:8)
  14 elephants
  Joseph (D:8)
  4 black mambas
  An ice statue (IceCv)
  10 cane toads
  Maggie (Lair:2)
  6 kobold demonologists
  2 unseen horrors
  A tengu conjurer (D:8)
  4 rime drakes
  11 komodo dragons
  A queen bee (Lair:2)
  An anaconda simulacrum (IceCv)
  4 trolls
  6 polar bears
  2 hornets (Lair:5)
  3 blink frogs (Lair:2)
  5 slime creatures
  A snapping turtle (Lair:5)
  3 shadows
  2 wraiths
  A dire elephant simulacrum (IceCv)
  5 basilisks
  A vampire (D:11)
  4 wyverns
  29 yaks
  Eustachio (D:6)
  A harpy simulacrum (IceCv)
  A death yak simulacrum (IceCv)
  Menkaure (D:5)
  A steam dragon (Lair:5)
  Edmund (D:6)
  2 acid dragons
  11 water moccasins
  6 sky beasts
  5 orc warriors
  2 black bears
  An ice beast (D:7)
  6 wolves
  4 ogres
  3 centaurs
  3 lemures
  4 kobold brigands
  5 necrophages (Lair:3)
  9 bullfrogs
  A cane toad simulacrum (IceCv)
  7 two-headed ogre simulacra (IceCv)
  7 scorpions
  A gnoll sergeant (D:8)
  16 wights
  29 killer bees
  2 troll zombies (D:12)
  2 elephant simulacra (IceCv)
  9 howler monkeys
  16 orc priests
  6 hounds
  5 jellies
  3 gnoll boudas
  5 iguanas
  8 orc wizards
  6 troll simulacra (IceCv)
  3 spriggan simulacra (IceCv)
  3 wolf simulacra (IceCv)
  6 ogre zombies (D:12)
  15 gnolls
  6 naga simulacra (IceCv)
  A river rat (D:5)
  4 adders
  2 shadow imps
  5 white imps
  3 ufetubi
  4 worms
  2 dart slugs
  46 orcs
  9 ball pythons
  7 endoplasms
  8 giant cockroaches
  5 hobgoblins
  2 jackals (D:1)
  24 kobolds
  2 quokkas
  8 bats
  A frilled lizard (D:1)
  7 goblins
  A goblin zombie (D:12)
  A hobgoblin skeleton (D:12)
  5 hobgoblin zombies (D:12)
  3 orc skeletons (D:12)
  15 orc zombies (D:12)
  7 rats
  A butterfly (Lair:3)
549 creatures vanquished.

Vanquished Creatures (collateral kills)
  3 blink frogs (Lair:1)
3 creatures vanquished.

Vanquished Creatures (others)
  A bush (Lair:1)
  A butterfly (Lair:3)
  18 fungi
  47 plants
67 creatures vanquished.

Grand Total: 619 creatures vanquished

Notes
Turn   | Place    | Note
-------+----------+-------------------------------------------
     0 | D:1      | sweetbreads the Gargoyle Earth Elementalist began the quest
                  | for the Orb.
     0 | D:1      | Reached XP level 1. HP: 10/10 MP: 3/3
     1 | D:1      | Noticed an electric eel
    92 | D:1      | Reached XP level 2. HP: 15/15 MP: 0/5
   102 | D:1      | Reached skill level 1 in Transmutations
   291 | D:2      | Reached skill level 4 in Earth Magic
   422 | D:1      | Reached XP level 3. HP: 20/20 MP: 3/6
   426 | D:1      | Learned a level 3 spell: Stone Arrow
   475 | D:1      | Found a faded altar of an unknown god.
   970 | D:1      | Reached skill level 1 in Fighting
  1346 | D:3      | Reached skill level 1 in Conjurations
  1532 | D:3      | Reached XP level 4. HP: 24/25 MP: 5/7
  2334 | D:4      | Reached XP level 5. HP: 21/30 MP: 5/8
  2357 | D:3      | Learned a level 4 spell: Petrify
  2766 | D:4      | Reached skill level 5 in Earth Magic
  3050 | D:4      | Noticed a black bear
  3118 | D:4      | Reached XP level 6. HP: 34/36 MP: 5/9
  3617 | D:4      | Reached skill level 6 in Earth Magic
  3793 | D:4      | Killed a black bear
  3794 | D:4      | Reached XP level 7. HP: 34/40 MP: 4/10
  4085 | D:5      | Entered Level 5 of the Dungeon
  4085 | D:5      | Found a runed translucent gate.
  4085 | D:5      | Found a runed translucent gate.
  4085 | D:5      | Found a runed translucent gate.
  4267 | D:5      | Noticed Menkaure
  4273 | D:5      | Found a staircase to the Ecumenical Temple.
  4501 | D:5      | Reached skill level 7 in Earth Magic
  4592 | D:5      | Reached XP level 8. HP: 44/46 MP: 6/11
  4827 | D:5      | Reached skill level 8 in Earth Magic
  4989 | D:5      | Found a snail-covered altar of Cheibriados.
  5000 | D:5      | Killed Menkaure
  5343 | D:5      | Noticed UCchamp's ghost (amateur FeAr)
  5439 | D:6      | Noticed Pikel
  5686 | D:6      | Noticed Edmund
  5766 | Temple   | Entered the Ecumenical Temple
  5888 | Temple   | Became a worshipper of Vehumet
  5942 | D:6      | Found Cosureh's Weapon Emporium.
  6039 | D:6      | Reached skill level 9 in Earth Magic
  6039 | D:6      | Reached XP level 9. HP: 52/52 MP: 10/14
  6152 | D:6      | Noticed Eustachio
  6160 | D:6      | Killed Eustachio
  6362 | D:6      | Killed Edmund
  6759 | D:6      | Killed Pikel
  6760 | D:6      | Reached skill level 5 in Fighting
  6760 | D:6      | Reached skill level 5 in Conjurations
  6760 | D:6      | Reached skill level 10 in Earth Magic
  7116 | D:7      | Found a broken altar of Ashenzari.
  7462 | D:7      | Reached * piety under Vehumet
  7462 | D:7      | Offered knowledge of Foxfire by Vehumet.
  7545 | D:7      | Reached XP level 10. HP: 59/59 MP: 13/16
  7552 | D:7      | Reached skill level 11 in Earth Magic
  7850 | D:7      | Found an ornate altar of the Wu Jian Council.
  7852 | D:7      | Offered knowledge of Magic Dart by Vehumet.
  7855 | D:7      | Reached ** piety under Vehumet
  7860 | D:7      | Identified the +8 short sword of the Unstoppable Deaths
                  | {drain, +Blink Str+2}
  7902 | D:7      | Learned a level 1 spell: Magic Dart
  8209 | D:8      | Noticed Maurice
  8211 | D:8      | Noticed a four-headed hydra
  8228 | D:8      | Noticed Joseph
  9081 | D:9      | Reached skill level 12 in Earth Magic
  9387 | D:9      | Found a sacrificial altar of Ru.
  9440 | D:9      | Noticed a kobold demonologist
  9474 | D:9      | Killed a kobold demonologist
  9475 | D:9      | Offered knowledge of Inner Flame by Vehumet.
  9580 | D:8      | Killed a four-headed hydra
  9581 | D:8      | Reached skill level 5 in Dodging
  9581 | D:8      | Reached skill level 13 in Earth Magic
  9581 | D:8      | Reached XP level 11. HP: 26/66 MP: 17/17
  9919 | D:9      | Noticed a sixfirhy
 10077 | D:9      | Identified the +0 ring mail of Disaster {rC+}
 10273 | D:9      | Reached skill level 1 in Evocations
 10419 | D:9      | Reached *** piety under Vehumet
 10500 | D:8      | Noticed a two-headed ogre
 10874 | D:10     | Entered Level 10 of the Dungeon
 11007 | D:9      | Reached skill level 14 in Earth Magic
 11220 | D:10     | Found an ancient bone altar of Kikubaaqudgha.
 11321 | D:10     | Offered knowledge of Mephitic Cloud by Vehumet.
 11380 | D:10     | Found a staircase to the Lair.
 11421 | D:10     | Noticed a manticore
 11586 | D:10     | Killed a manticore
 11712 | D:10     | Noticed a centaur warrior
 12091 | D:11     | Noticed a boulder beetle
 12317 | D:11     | You fall into a shaft and drop 1 floor!
 12334 | D:12     | Noticed a wolf spider
 12338 | D:12     | Killed a wolf spider
 12617 | D:11     | Identified a scroll of acquirement
 12617 | D:11     | Acquired a book of Iron
 12626 | D:11     | Learned a level 6 spell: Iron Shot
 13349 | D:11     | Noticed a wizard
 13595 | D:9      | Killed a two-headed ogre
 13596 | D:9      | Reached XP level 12. HP: 51/73 MP: 9/18
 13727 | D:8      | Found a sparkling altar of Nemelex Xobeh.
 13776 | D:8      | Reached skill level 15 in Earth Magic
 13792 | D:8      | Found a shadowy altar of Dithmenos.
 13900 | D:8      | Noticed Erica
 13906 | D:8      | Killed Erica
 13985 | D:8      | Killed Joseph
 13986 | D:8      | Reached skill level 1 in Shields
 14128 | D:8      | Killed Maurice
 14475 | D:10     | Killed a centaur warrior
 15048 | D:12     | Reached **** piety under Vehumet
 15270 | D:12     | Offered knowledge of Frozen Ramparts by Vehumet.
 15676 | D:12     | Found a staircase to the Orcish Mines.
 16089 | D:12     | Learned a level 3 spell: Frozen Ramparts
 16120 | D:12     | Found an iron altar of Okawaru.
 16459 | Lair:1   | Entered Level 1 of the Lair of Beasts
 16464 | Lair:1   | Identified the +0 helmet of Limitation {rC- rN+ Regen+}
 16472 | Lair:1   | Reached skill level 16 in Earth Magic
 16699 | Lair:1   | Noticed a six-headed hydra
 16746 | Lair:2   | Reached ***** piety under Vehumet
 16746 | Lair:2   | Offered knowledge of Eringya's Noxious Bog by Vehumet.
 16784 | Lair:2   | Found a hole to the Spider Nest.
 16792 | Lair:2   | Noticed a boulder beetle
 17072 | Lair:1   | Reached skill level 5 in Spellcasting
 17398 | Lair:1   | Reached XP level 13. HP: 57/79 MP: 14/21
 18312 | Lair:2   | Noticed Maggie
 18554 | Lair:2   | Noticed Nergalle
 18565 | Lair:2   | Killed Nergalle
 18570 | Lair:2   | Killed Maggie
 19678 | Lair:3   | Offered knowledge of Olgreb's Toxic Radiance by Vehumet.
 20061 | Lair:3   | You fall into a shaft and drop 2 floors!
 20061 | Lair:5   | Entered Level 5 of the Lair of Beasts
 21038 | Lair:3   | Identified the +0 scale mail of the Northern Lights {rPois}
 21040 | Lair:3   | Found a staircase to the Shoals.
 21454 | Lair:4   | Reached skill level 17 in Earth Magic
 21840 | Lair:4   | Gained mutation: Your large and strong wings let you fly.
                  | [Gargoyle growth]
 21840 | Lair:4   | Reached XP level 14. HP: 86/86 MP: 23/26
 22490 | Lair:5   | Found a viscous altar of Jiyva.
 22490 | Lair:5   | Found a staircase to the Slime Pits.
 23285 | Lair:5   | Found a transporter.
 23399 | Lair:5   | Found a transporter.
 23423 | Lair:5   | Noticed Sanktem7's ghost (journeyman FoFi)
 23443 | Lair:5   | Reached skill level 5 in Shields
 23830 | Lair:5   | Noticed Snorg
 24306 | Lair:4   | Reached skill level 5 in Evocations
 24524 | Lair:4   | Reached skill level 10 in Fighting
 24595 | Lair:5   | Killed Snorg
 24639 | Lair:5   | Reached skill level 10 in Conjurations
 24639 | Lair:5   | Reached skill level 1 in Ice Magic
 24789 | Lair:5   | Reached skill level 18 in Earth Magic
 25199 | Lair:5   | Reached XP level 15. HP: 92/92 MP: 27/27
 25409 | D:13     | Found a frozen archway.
 25456 | IceCv    | Entered an ice cave
 26041 | IceCv    | Identified the +7 falchion "Faok" {drain, rF++ Str+5}
 26751 | IceCv    | Slain by a reaper

Illustrated notes

Levels and vault maps discovered:
D:1:      arrival_aquarium_a, layout_loops_ring, ebering_ecumenical_altar_rust,
          minmay_shallow_snake_nest
D:2:      layout_basic
D:3:      layout_loops_ring, hangedman_abyss_or_decor_stabs
D:4:      layout_loops_ring
D:5:      layout_cave_pools, mainiacjoe_overflow_alcove_4,
          minmay_temple_entry_from_below_a, gup_sewer_entry_spiral,
          gammafunk_ghost_necromancy, uniq_menkaure
D:6:      layout_cave_pools, serial_shops, nicolae_diamond_shop, uniq_pikel,
          uniq_edmund, uniq_eustachio
D:7:      layout_loops_ring, overflow_temple_1_default,
          nicolae_wu_jian_wuxing_cycle
D:8:      minmay_opposing_rooms, layout_cave_pods, nemelex_diamond_rough_becter,
          mainiacjoe_overflow_six_doors_small, uniq_joseph, uniq_erica,
          uniq_maurice
D:9:      layout_irregular_city, hangedman_ru_absence
D:10:     layout_roguey, mainiacjoe_overflow_small_starburst, lair_entry_dummy
D:11:     layout_stronghold, minmay_misc_feat_square, lightli_wizard_tower
D:12:     layout_cave_pools, zombieorc2_lemuel, kennysheep_okawaru_gauntlet
D:13:     layout_basic, david_vaults_3, portal_ice_cave_rime
Temple:   nicolae_temple_superstar
Lair:1:   layout_cave_pods, lemuel_fruit_tree
Lair:2:   layout_roguey, nicolae_spider_entry_non_spiders, special_room
          [special_room_bee], uniq_maggie, uniq_nergalle
Lair:3:   layout_loops_ring, minmay_shoals_entry_centaurs, roderic_carrion_pond,
          lemuel_fruit_fields, infiniplex_staircase_pool_2
Lair:4:   layout_layer_cave, grunt_megastairs_3
Lair:5:   gammafunk_lair_ancient_temple, layout_big_grid, slime_entry_1,
          gammafunk_ghost_hive, uniq_urug, uniq_snorg
IceCv:    ice_cave_caverns_01

Skill      XL: |  1  2  3  4  5  6  7  8  9 10 11 12 13 14 |
---------------+-------------------------------------------+-----
Transmutations | 1 2 3 4 |  4.0
Earth Magic    | 4 5 6 7 9 10 13 14 16 17 18 | 18.2
Fighting       | 1 2 3 4 5 6 7 8 9 10 | 10.2
Conjurations   | 1 2 3 4 5 6 7 8 9 10 | 10.9
Dodging        | 2 3 4 5 6 7 8 |  8.0
Stealth        | 3 4 |  4.0
Spellcasting   | 3 4 5 8 |  8.0
Evocations     | 2 4 6 |  6.2
Shields        | 3 4 5 |  5.8
Ice Magic      | 3 |  3.8
Maces & Flails | |  0.7

Action                   |  1- 3 |  4- 6 |  7- 9 | 10-12 | 13-15 || total
-------------------------+-------+-------+-------+-------+-------++-------
Melee: Unarmed           |    31 |       |       |       |       ||    31
       Whip              |     2 |     3 |     4 |       |       ||     9
       Flail             |       |       |     4 |       |       ||     4
       Mace              |       |       |     1 |       |       ||     1
       Short sword       |       |       |       |     5 |     7 ||    12
       Punch             |       |       |       |     1 |       ||     1
Throw: Dart              |       |       |       |     6 |       ||     6
       Throwing net      |       |       |       |     1 |       ||     1
 Cast: Sandblast         |    55 |    75 |   189 |   527 |   629 ||  1475
       Magic Dart        |       |       |       |    13 |     3 ||    16
       Petrify           |       |       |       |     9 |       ||     9
       Iron Shot         |       |       |       |     3 |    22 ||    25
 Abil: Evoke Blink       |       |       |       |    10 |     8 ||    18
Evoke: Wand              |       |       |       |       |     1 ||     1
  Use: Scroll            |       |       |    12 |    17 |     4 ||    33
       Potion            |       |       |     1 |     1 |     1 ||     3
Armor: Robe              |    22 |    11 |    32 |   209 |   209 ||   483
       Steam dragon scal |       |       |       |       |    10 ||    10
Dodge: Dodged            |    37 |    25 |    63 |   435 |   533 ||  1093
Block: Buckler           |       |       |       |       |   258 ||   258
       Reflection        |       |       |       |       |     3 ||     3
